 Dungeon Crawl Stone Soup version 0.29.1-14-g9c671dbff4 (webtiles) character file.

Game seed: 17196078826063078482

1873 hawla the Arsonist (level 9, -7/67 HPs)
             Began as a Meteoran Fire Elementalist on Feb 17, 2023.
             Was a Follower of Vehumet.
             Mangled by a yak (11 damage)
             ... on level 8 of the Dungeon.
             The game lasted 00:11:50 (2020 turns).

hawla the Arsonist (Meteoran Fire Elementalist)     Turns: 2020, Time: 00:11:50

Health: -7/67      AC:  4    Str: 11    XL:     9   Next: 62%
Magic:  12/22      EV: 13    Int: 26    God:    Vehumet [*.....]
Gold:   233        SH:  0    Dex: 15    Spells: 18/25 levels left

rFire   + . .      SeeInvis .   b - +2 demon trident (drain)
rCold   + . .      Faith    .   (no shield)
rNeg    . . .      Spirit   .   a - +1 robe
rPois   .          Reflect  .   (helmet restricted)
rElec   +          Harm     .   (no cloak)
rCorr   .          Rampage  .   c - +0 pair of gloves
Will    +....                   (no boots)
Stlth   +.........              d - amulet of magic regeneration
HPRegen 0.21/turn               q - ring of protection from cold
MPRegen 0.58/turn               h - ring "Xikeivi" {rElec rF+ Int+6}

@: glowing
A: sense surroundings 2, otherworldly, glowing, explore regen, horns 1
a: Renounce Religion


You were on level 8 of the Dungeon.
You worshipped Vehumet.
Vehumet was aware of your devotion.
You visited 2 branches of the dungeon, and saw 9 of its levels.
You also visited: Sewer.

You collected 233 gold pieces.

Inventory:

Hand Weapons
 b - a +2 demon trident of draining (weapon)
Armour
 a - a +1 robe (worn)
 c - a +0 pair of gloves (worn)
Jewellery
 d - an amulet of magic regeneration (around neck)
 h - the ring "Xikeivi" (right hand) {rElec rF+ Int+6}
   (You acquired it on level 7 of the Dungeon)

   [ring of intelligence]

   Int:       It affects your intelligence (+6).
   rF:        It protects you from fire.
   rElec:     It insulates you from electricity.
 q - a ring of protection from cold (left hand)
 v - a ring of ice
 w - an amulet of regeneration
Wands
 l - a wand of acid (17) (quivered)
 s - a wand of flame (18)
 u - a wand of iceblast (3)
Scrolls
 f - 2 scrolls of enchant weapon
 k - 2 scrolls of teleportation
 m - a scroll of noise
 r - 2 scrolls of identify
 x - 2 scrolls of summoning {unknown}
Potions
 e - a potion of haste
 g - 2 potions of curing
 i - 2 potions of might {unknown}
 j - 4 potions of flight
 n - a potion of attraction
 o - 2 potions of invisibility {unknown}
 p - 4 potions of heal wounds {unknown}
 t - a potion of cancellation {unknown}


   Skills:
 + Level 2.2 Fighting
 + Level 0.6 Polearms
 + Level 3.3 Dodging
 - Level 1.4 Stealth
 + Level 8.5 Spellcasting
 + Level 6.4 Conjurations
 + Level 8.6 Fire Magic
 + Level 3.0 Evocations


You had 18 spell levels left.
You knew the following spells:

 Your Spells              Type           Power      Damage    Failure   Level
a - Foxfire               Conj/Fire      100%       2x1d9     1%          1
b - Scorch                Fire           100%       2d10      1%          2
c - Flame Wave            Conj/Fire      50%        2d12      2%          4

Your spell library contained the following spells:

 Spells                   Type           Power      Damage    Failure   Level
 Freeze                   Ice            44%        1d6       5%          1
 Conjure Flame            Conj/Fire      50%        6-21      1%          3
 Inner Flame              Hex/Fire       33%        N/A       2%          3


Dungeon Overview and Level Annotations

Branches:
Dungeon (8/15) Zot: 3288   Temple (1/1) D:5 Zot: 563   Sewer (visited)
   Lair: D:8-11

Altars:
Cheibriados
Dithmenos
Fedhas
Gozag
Kikubaaqudgha
Vehumet
Xom
Zin
The Shining One


Innate Abilities, Weirdness & Mutations

You passively map the area around you.
You are easily found by Zot.
You glow in the dark.
You regain HP and MP as you explore.
You have a pair of small horns on your head.


Message History

The yak is moderately wounded.
The flame wave engulfs the yak!
The yak is heavily wounded.
The flame wave engulfs the yak!
The yak is moderately wounded.
The flame wave engulfs the yak!!
The yak is heavily wounded.
You finish channelling waves of flame.
The yak gores you.
Unknown command.
Casting: Flame Wave (dangerous; 2% risk of failure)
Confirm with . or Enter, or press ? or * to list all spells.
Casting: Flame Wave (dangerous; 2% risk of failure)
Press: ? - help, Dir - look around, f - activate A wave of flame ripples out!
The flame wave engulfs the yak!
The yak is severely wounded.
The flame wave engulfs the yak!
The yak is severely wounded.
The flame wave engulfs the yak!
The yak is severely wounded. (Press . to intensify the flame waves.)
The yak gores you. The yak barely misses you.
The yak gores you but does no damage.
A wave of flame ripples out!
The flame wave engulfs the yak.
The yak is severely wounded.
The flame wave engulfs the yak!
The yak is severely wounded.
The flame wave engulfs the yak!
The yak is almost dead.
The flame wave engulfs the yak!
The yak is almost dead.
The yak gores you!
* * * LOW HITPOINT WARNING * * *
The yak gores you!
* * * LOW HITPOINT WARNING * * *
The yak barely misses you. The yak gores you.
* * * LOW HITPOINT WARNING * * *
You feel better. The yak barely misses you. The yak gores you!
* * * LOW HITPOINT WARNING * * *
The yak completely misses you. The yak gores you!
You die...

#*... ,... #### ,*##.#
*#..# * # #....
**###..#####..# ##..#
###...##.....#### ...#
##........#......(,,,*
.#######....##...........
...............#......... ,
,
..........######YY.......,,
........### #@Y....... , ,
.......## #.Y....... *
.......# #...!..... ,
.......# ##........, ,
#.....## ##....... .......#
####### * .......# .......#
#.....##


You could see 4 yaks.

Vanquished Creatures
  A yak (D:8)
  An orc warrior (D:8)
  2 black bears (D:8)
  2 ogres
  A sky beast (D:7)
  2 phantoms (D:5)
  2 bullfrogs (D:8)
  2 scorpions
  6 killer bees (D:8)
  A howler monkey (D:7)
  A bullfrog zombie (D:5)
  2 centaur zombies (D:5)
  2 orc priests (D:8)
  An iguana (D:5)
  4 orc wizards (D:8)
  A howler monkey zombie (D:5)
  3 gnolls (D:4)
  6 adders
  5 river rats (Sewer)
  A white imp (D:8)
  5 orcs
  2 endoplasms
  4 giant cockroaches (D:4)
  A goblin (D:2)
  A hobgoblin (D:3)
  17 kobolds
  7 quokkas
  9 ball pythons
  2 frilled lizards (Sewer)
  18 rats (Sewer)
112 creatures vanquished.

Vanquished Creatures (others)
  189 foxfires
  2 withered plants (D:5)
191 creatures vanquished.

Grand Total: 303 creatures vanquished

Notes
Turn   | Place    | Note
-------+----------+-------------------------------------------
     0 | D:1      | hawla the Meteoran Fire Elementalist began the quest for
                  | the Orb.
     0 | D:1      | Reached XP level 1. HP: 14/14 MP: 5/5
    51 | D:2      | Reached XP level 2. HP: 12/20 MP: 0/6
    54 | D:2      | Learned a level 2 spell: Scorch
    83 | D:2      | Found a faded altar of an unknown god.
   112 | D:2      | Reached XP level 3. HP: 26/26 MP: 6/8
   262 | D:4      | Reached XP level 4. HP: 12/33 MP: 4/9
   346 | D:4      | Found a glowing drain.
   358 | Sewer    | Entered a sewer
   364 | Sewer    | Learned a level 4 spell: Flame Wave
   464 | Sewer    | Reached XP level 5. HP: 39/39 MP: 6/11
   645 | Sewer    | Reached XP level 6. HP: 46/46 MP: 6/12
   901 | D:4      | Reached skill level 1 in Fighting
   901 | D:4      | Reached skill level 5 in Conjurations
   901 | D:4      | Reached skill level 5 in Fire Magic
  1247 | D:5      | Entered Level 5 of the Dungeon
  1251 | D:5      | Gained mutation: You have a pair of small horns on your
                  | head. [potion of mutation]
  1280 | D:5      | Reached skill level 1 in Evocations
  1285 | D:5      | Noticed an ogre
  1295 | D:5      | Killed an ogre
  1296 | D:5      | Reached XP level 7. HP: 33/52 MP: 3/13
  1333 | D:5      | Found a staircase to the Ecumenical Temple.
  1365 | Temple   | Entered the Ecumenical Temple
  1393 | Temple   | Became a worshipper of Vehumet
  1464 | D:5      | Reached XP level 8. HP: 57/59 MP: 9/16
  1479 | D:5      | Reached skill level 5 in Spellcasting
  1510 | D:7      | Identified a scroll of acquirement
  1510 | D:7      | Acquired the ring "Xikeivi" {rElec rF+ Int+6}
  1721 | D:8      | Gained mutation: You passively map the area around you.
                  | [Meteoran growth]
  1721 | D:8      | Reached XP level 9. HP: 37/67 MP: 7/20
  1969 | D:8      | Reached * piety under Vehumet
  1969 | D:8      | Offered knowledge of Freeze by Vehumet.
  2019 | D:8      | HP: 3/67 [yak (2)]
  2020 | D:8      | Mangled by a yak

Illustrated notes

Levels and vault maps discovered:
D:1:      dpeg_arrival_simpleton_b, layout_rooms
D:2:      kennysheep_big_flooded_room, layout_basic, basic_ecumenical_altar,
          basic_altar
D:3:      layout_basic
D:4:      layout_rooms, gup_sewer_entry_pipe, ebering_dispersal_statue_hall
D:5:      layout_loops_corners, mainiacjoe_overflow_24_doors,
          minmay_temple_entry_large_hall, serial_undead, serial_undead_e,
          serial_undead_e, serial_undead_d, serial_undead_d, serial_undead_b,
          serial_undead_b
D:6:      layout_rooms, nzn_overflow_gifts_of_might_and_magic,
          grunt_ashenzari_visionary [grunt_ashenzari_visionary_swamp,
          grunt_ashenzari_visionary_spider], pdpol_wu_jian_five_deadly_venoms,
          nicolae_uskayaw_murder_on_the_dancefloor, minmay_between,
          uniq_menkaure
D:7:      layout_basic, serial_shops, nicolae_shop_hallway_stairs, sigmund_army
D:8:      layout_rooms, enter_bailey_6
Temple:   hellmonk_temple_rainy

Skill      XL: |  1  2  3  4  5  6  7  8  9 |
---------------+----------------------------+-----
Fire Magic     | 4 5 7 8 |  8.6
Spellcasting   | 3 4 6 8 |  8.5
Conjurations   | 2 4 5 6 |  6.4
Fighting       | 1 2 |  2.2
Evocations     | 3 |  3.0
Dodging        | 3 |  3.3
Polearms       | |  0.6
Stealth        | |  1.4

Action                   |  1- 3 |  4- 6 |  7- 9 || total
-------------------------+-------+-------+-------++-------
Melee: Unarmed           |     5 |     3 |     2 ||    10
       Headbutt          |       |       |     2 ||     2
       Demon trident     |       |       |     4 ||     4
 Cast: Foxfire           |    20 |    55 |    37 ||   112
       Scorch            |     4 |    25 |    34 ||    63
       Flame Wave        |       |     3 |     6 ||     9
  Use: Scroll            |     4 |     3 |     7 ||    14
       Potion            |       |     1 |     3 ||     4
Armor: Robe              |     1 |     5 |     4 ||    10
       Skin              |       |       |     1 ||     1
Dodge: Dodged            |     2 |    27 |    37 ||    66
